 Dungeon Crawl Stone Soup version 0.27-a0-577-ge2a43ba0c9 (webtiles) character file.

Game seed: 8593474804023120058

2956 jestyr24 the Destroyer (level 9, -15/50 HPs)
             Began as a Tengu Conjurer on Mar 9, 2021.
             Was an Initiate of Vehumet.
             Demolished by an orc warrior
             ... wielding a +0 battleaxe
              (27 damage)
             ... on level 8 of the Dungeon on Mar 10, 2021.
             The game lasted 00:54:51 (8032 turns).

jestyr24 the Destroyer (Tengu Conjurer)             Turns: 8032, Time: 00:54:51

Health: -15/50     AC:  2    Str:  8    XL:     9   Next: 81%
Magic:  4/22       EV: 16    Int: 22    God:    Vehumet [......]
Gold:   368        SH:  0    Dex: 12    Spells: 18/25 levels left

rFire    . . .     SeeInvis .   y - +0 spear (vamp)
rCold    . . .     Faith    .   (no shield)
rNeg     . . .     Spirit   .   a - +0 robe
rPois    .         Reflect  .   (helmet restricted)
rElec    .         Harm     .   (no cloak)
rCorr    .         Rampage  .   (no gloves)
Will     .....                  (boots unavailable)
Stlth    +++.......             (no amulet)
HPRegen  0.16/turn              f - ring of flight
MPRegen  0.18/turn              h - +4 ring of evasion

@: no status effects
A: beak, talons 3, able to fly
a: Fly, Renounce Religion


You were on level 8 of the Dungeon.
You worshipped Vehumet.
Vehumet was noncommittal.
You visited 2 branches of the dungeon, and saw 9 of its levels.
You also visited: Ossuary.

You collected 368 gold pieces.

Inventory:

Hand Weapons
 c - a +0 dagger
 y - a +0 vampiric spear (weapon)
Missiles
 j - 104 stones
 x - 31 poisoned darts
 A - 5 boomerangs (quivered)
 C - 8 javelins
Armour
 a - a +0 robe (worn)
 m - a +0 leather armour
 q - a +0 pair of gloves
 r - the +2 leather armour "Podawneig" {rF+}
   (You found it on level 5 of the Dungeon)

   It protects you from fire.
Jewellery
 d - an amulet of guardian spirit
 f - a ring of flight (left hand)
 h - a +4 ring of evasion (right hand)
Wands
 D - a wand of paralysis (9)
Scrolls
 e - 3 scrolls of magic mapping
 i - 4 scrolls of teleportation
 k - 4 scrolls of identify
 o - 2 scrolls of amnesia {unknown}
 s - a scroll of enchant armour {unknown}
 t - a scroll of blinking {unknown}
 E - a scroll of random uselessness {unknown}
 F - a scroll of vulnerability {unknown}
 G - a scroll of fear {unknown}
Potions
 b - 3 potions of degeneration
 g - a potion of might
 l - 2 potions of flight {unknown}
 n - 5 potions of curing
 p - a potion of attraction {unknown}
 u - a potion of berserk rage {unknown}
 v - a potion of magic {unknown}
 w - a potion of mutation {unknown}
 z - 2 potions of lignification {unknown}
 B - 3 potions of haste {unknown}


   Skills:
 * Level 3.0 Fighting
 - Level 0.3 Short Blades
 - Level 2.8 Dodging
 + Level 4.5 Stealth
 + Level 8.5 Spellcasting
 + Level 11.7 Conjurations


You had 18 spell levels left.
You knew the following spells:

 Your Spells              Type           Power      Damage    Failure   Level
a - Magic Dart            Conj           100%       1d8       1%          1
b - Searing Ray           Conj           100%       3d7       1%          2
c - Fulminant Prism       Conj/Hex       17%        3d11      6%          4

Your spell library contained the following spells:

 Spells                   Type           Power      Damage    Failure   Level
 Dazzling Flash           Conj/Hex       70%        N/A       1%          3
 Iskenderun's Mystic Bla  Conj/Tloc      35%        2d8       6%          4


Dungeon Overview and Level Annotations

Branches:
Dungeon (8/15)             Temple (1/1) D:6         Ossuary (visited)
   Lair: D:8-11

Altars:
Ashenzari
Cheibriados
Dithmenos
Elyvilon
Fedhas
Gozag
Hepliaklqana
Kikubaaqudgha
Makhleb
Nemelex Xobeh
Okawaru
Qazlal
Ru
Sif Muna
Trog
Uskayaw
Vehumet
Wu Jian
Xom
Yredelemnul
Zin
The Shining One


Innate Abilities, Weirdness & Mutations

You have a beak for a mouth.
You have claws for feet.
You can fly continuously.


Message History

The orc warrior is lightly wounded. (Press . to maintain the ray.)
The orc closely misses you.
Your Fighting skill increases to level 3!
Unknown command.
Casting: Searing Ray (safe; 1% risk of failure)
Confirm with . or Enter, or press ? or * to list all spells.
Aiming: Searing Ray (safe; 1% risk of failure)
Press: ? - help, Shift-Dir - straight line, f - orc warrior
Aim: an orc warrior, wielding a +0 battleaxe and wearing a +0 plate armour (lightly wounded, 17% to evade)
The searing ray hits the orc warrior!
The orc warrior is heavily wounded. (Press . to maintain the ray.)
The orc warrior closely misses you. The orc closely misses you.
The searing ray hits the orc warrior but does no damage.
The orc warrior is heavily wounded.
The orc warrior misses you. The orc closely misses you.
The searing ray hits the orc warrior!
The orc warrior is severely wounded.
The orc warrior hits you with a +0 battleaxe!
The orc hits you but does no damage.
The searing ray hits the orc warrior.
The orc warrior is almost dead.
You finish channeling your searing ray.
Casting: Searing Ray (safe; 1% risk of failure)
Confirm with . or Enter, or press ? or * to list all spells.
Aiming: Searing Ray (safe; 1% risk of failure)
Press: ? - help, Shift-Dir - straight line, f/p - orc warrior
Aim: an orc warrior, wielding a +0 battleaxe and wearing a +0 plate armour (almost dead, 17% to evade)
The searing ray hits the orc warrior.
The orc warrior is almost dead. (Press . to maintain the ray.)
The orc misses you.
The orc warrior hits you with a +0 battleaxe!
* * * LOW HITPOINT WARNING * * *
The searing ray misses the orc warrior.
The orc hits you with a +0 club.
* * * LOW HITPOINT WARNING * * *
The orc warrior hits you with a +0 battleaxe!!
Ouch! That really hurt!
You die...

##################
#................#
#................#
#.....##..##.....#
#.....##..##.....#
#....o...........#
#....@o)).##..########
#.....##..##..####...#
#.....##...#..........
#..........#..........
#.......o..#..........
#.....##..##..........
#.....##o.##..........
#.....##..###+#####'##
...o...[)# ..........


You could see an orc warrior and an orc.

Vanquished Creatures
  Grinder (D:6)
  6 yaks (D:8)
  A water moccasin (D:4)
  An ice beast (D:6)
  An ogre (D:6)
  A phantom (D:5)
  3 centaurs (D:6)
  3 lemures
  5 bullfrogs
  3 killer bees (D:8)
  3 centaur zombies
  A quasit (D:6)
  A bullfrog zombie (D:6)
  A bullfrog skeleton (D:8)
  A centaur skeleton (D:5)
  3 orc priests (D:8)
  A hound (D:7)
  A jelly (D:8)
  2 orc wizards
  An iguana (D:7)
  3 worker ants
  3 mummies
  10 adders
  6 gnolls
  An ufetubus (D:7)
  2 oozes
  2 adder zombies (D:2)
  An adder skeleton (D:7)
  2 worms
  2 dart slugs
  4 leopard geckos
  16 orcs
  2 ball pythons
  11 giant cockroaches
  7 goblins
  3 hobgoblins
  10 jackals
  A quokka (D:6)
  2 bats
  2 frilled lizards
  A jackal skeleton (D:2)
  10 kobolds
  A leopard gecko zombie (D:6)
  7 rats
149 creatures vanquished.

Vanquished Creatures (others)
  6 fulminant prisms
6 creatures vanquished.

Grand Total: 155 creatures vanquished

Notes
Turn   | Place    | Note
-------+----------+-------------------------------------------
     0 | D:1      | jestyr24 the Tengu Conjurer began the quest for the Orb.
     0 | D:1      | Reached XP level 1. HP: 10/10 MP: 4/4
   300 | D:1      | Reached XP level 2. HP: 15/15 MP: 3/6
   947 | D:1      | Reached skill level 6 in Conjurations
  1212 | D:2      | Learned a level 2 spell: Searing Ray
  1266 | D:2      | Reached XP level 3. HP: 15/19 MP: 0/7
  1766 | D:2      | Reached XP level 4. HP: 24/24 MP: 1/9
  2717 | D:3      | Gained mutation: You can fly continuously. [Tengu growth]
  2717 | D:3      | Reached XP level 5. HP: 28/28 MP: 6/11
  3076 | D:3      | Reached skill level 7 in Conjurations
  3486 | D:4      | Reached XP level 6. HP: 33/33 MP: 3/13
  3633 | D:4      | Learned a level 4 spell: Fulminant Prism
  3765 | D:4      | Noticed a water moccasin
  3774 | D:4      | Killed a water moccasin
  4250 | D:5      | Entered Level 5 of the Dungeon
  4393 | D:5      | Identified the +2 leather armour "Podawneig" {rF+}
  4483 | D:5      | Found a sand-covered staircase.
  4494 | Ossuary  | Entered an ossuary
  4507 | Ossuary  | Reached XP level 7. HP: 29/37 MP: 3/15
  4514 | D:5      | HP: 1/37 [mummy (5)]
  4516 | D:5      | Reached skill level 8 in Conjurations
  5000 | D:5      | Reached skill level 5 in Spellcasting
  5489 | D:6      | Reached skill level 9 in Conjurations
  5905 | D:6      | Noticed Grinder
  5919 | D:6      | Killed Grinder
  5920 | D:6      | Reached XP level 8. HP: 20/42 MP: 12/18
  6118 | D:6      | Found an iron altar of Okawaru.
  6403 | D:6      | Found a staircase to the Ecumenical Temple.
  6413 | Temple   | Entered the Ecumenical Temple
  6491 | Temple   | Became a worshipper of Vehumet
  6540 | D:6      | Reached skill level 10 in Conjurations
  6947 | D:7      | Found a sacrificial altar of Ru.
  7528 | D:8      | Reached XP level 9. HP: 46/46 MP: 16/20
  7612 | D:8      | Reached skill level 1 in Fighting
  7612 | D:8      | Reached skill level 11 in Conjurations
  8032 | D:8      | Demolished by an orc warrior

Illustrated notes

Levels and vault maps discovered:
D:1:      nagdon_arrival_double_spiral, layout_loops_ring,
          hangedman_feature_mirror
D:2:      layout_loops_ring, serial_undead, serial_undead_b, serial_undead_e,
          serial_undead_b, serial_undead_a
D:3:      layout_basic
D:4:      layout_loops_ring, serial_forest, infiniplex_forest_lined_2,
          infiniplex_forest_corner_1, infiniplex_forest_lined_room_3,
          infiniplex_forest_lined_corner, infiniplex_forest_end_1,
          infiniplex_forest_clump_diagonal, infiniplex_forest_lined_corner,
          infiniplex_forest_split, infiniplex_forest_pool, uniq_pikel
D:5:      layout_rooms, enter_ossuary_3
D:6:      layout_loops_ring, minmay_temple_entry_antechambers, serial_glass,
          glass_columns_c, glass_columns_a, glass_columns_a, glass_columns_b,
          glass_columns_b, basic_altar, uniq_grinder
D:7:      layout_basic, overflow_temple_1_default, corner_web_ring, st_stairs_6
D:8:      layout_gridville
Temple:   nicolae_temple_the_god_donut

Skill      XL: |  1  2  3  4  5  6  7  8  9 |
---------------+----------------------------+-----
Conjurations   | 6 7 9 10 11 | 11.7
Spellcasting   | 3 4 6 7 8 |  8.5
Stealth        | 3 4 |  4.5
Fighting       | 3 |  3.0
Short Blades   | |  0.3
Dodging        | |  2.8

Action                   |  1- 3 |  4- 6 |  7- 9 || total
-------------------------+-------+-------+-------++-------
Melee: Unarmed           |     1 |       |       ||     1
       Dagger            |    18 |    22 |     9 ||    49
       Peck              |     2 |     3 |     6 ||    11
       Kick              |     1 |     2 |     7 ||    10
       Spear             |       |       |    23 ||    23
Throw: Dart              |       |       |     4 ||     4
       Boomerang         |       |       |     1 ||     1
 Cast: Magic Dart        |    37 |    46 |    36 ||   119
       Searing Ray       |     8 |    27 |    47 ||    82
       Fulminant Prism   |       |     1 |     5 ||     6
  Use: Scroll            |       |       |     3 ||     3
       Potion            |       |       |     3 ||     3
 Stab: Sleeping          |     1 |     1 |     1 ||     3
Armor: Robe              |     4 |     4 |     5 ||    13
Dodge: Dodged            |    20 |    40 |    74 ||   134

Table legend: (Time is in decaauts)
 A = Elapsed time spent in this place.
 B = Non-inter-level travel time spent in this place.
 C = Inter-level travel time spent in this place.
 D = Time resting spent in this place.
 E = Time spent auto-exploring this place.
 F = Levels seen in this place.
 G = Mean time per level.
                   A        B        C        D        E       F      G
               +--------+--------+--------+--------+--------+-----+--------+
         Total |   8037 |   7810 |    227 |   3151 |   2510 |  10 |  803.7 |
       Dungeon |   7922 |   7695 |    227 |   3151 |   2510 |   8 |  990.2 |
        Temple |     96 |     96 |      0 |      0 |      0 |   1 |   96.0 |
       Ossuary |     17 |     17 |      0 |      0 |      0 |   1 |   17.0 |
               +--------+--------+--------+--------+--------+-----+--------+

Top non-repeatable levels by time:
     D:6: 1384 daAuts
     D:3: 1208 daAuts
     D:1: 1206 daAuts
     D:5: 1154 daAuts
     D:2: 1006 daAuts
     D:4: 827 daAuts
     D:7: 680 daAuts
     D:8: 454 daAuts
  Temple: 96 daAuts
 Ossuary: 17 daAuts
